 Dungeon Crawl Stone Soup version 0.18-a0-43-g402c68f (webtiles) character file.

52 Cookie the Grave Robber (level 3, 0/24 HPs)
             Began as a Demonspawn Necromancer on Nov 6, 2015.
             Slain by a gnoll
             ... wielding a +0 whip
              (5 damage)
             ... on level 2 of the Dungeon.
             The game lasted 00:03:43 (1853 turns).

Cookie the Grave Robber (Demonspawn Necromancer)    Turns: 1853, Time: 00:03:44

Health: 0/24       AC:  3    Str:  8    XL:     3   Next: 60%
Magic:  3/6        EV: 12    Int: 17    God:
Gold:   85         SH:  0    Dex: 13    Spells: 1 memorised, 5 levels left

rFire  . . .     SeeInvis .     o - +1 long sword (flame)
rCold  . . .     Clarity  .     a - +0 robe
rNeg   . . .     SustAt   .     (no shield)
rPois  .         Gourm    .     (no helmet)
rElec  .         Spirit   .     (no cloak)
rCorr  .         Warding  .     (no gloves)
rMut   .         Stasis   .     (no boots)
MR     .....                    (no amulet)
Stlth  +++.......               (no ring)
                                (no ring)

@: not resistant to hostile enchantments, fairly stealthy
A: molten scales 1, nightstalker 1
a: no special abilities


You were on level 2 of the Dungeon.
You were not hungry.

You visited 1 branch of the dungeon, and saw 2 of its levels.

You collected 85 gold pieces.

Inventory:

Hand Weapons
 l - a +0 short sword
 o - a +1 long sword of flaming (weapon)
Armour
 a - a +0 robe (worn)
 g - a +0 cloak
Jewellery
 k - an uncursed ring of protection from magic {unknown}
Scrolls
 d - 3 scrolls of identify {unknown}
 e - a scroll of remove curse {unknown}
 m - a scroll of random uselessness {unknown}
 n - a scroll of noise {unknown}
Potions
 f - 2 potions of brilliance {unknown}
 h - 2 potions of agility {unknown}
 i - a potion of degeneration {unknown}
Books
 b - a book of Necromancy

   Spells                             Type                      Level
   a - Pain                           Necromancy                   1
   b - Animate Skeleton               Necromancy                   1
   c - Vampiric Draining              Necromancy                   3
   d - Regeneration                   Charms/Necromancy            3
   e - Animate Dead                   Necromancy                   4
   f - Control Undead                 Necromancy                   4
Comestibles
 c - a bread ration
 j - a royal jelly
 p - 3 chunks of flesh


   Skills:
 - Level 1.7 Dodging
 - Level 1.7 Stealth
 - Level 2.0 Spellcasting
 + Level 5.9 Necromancy


You had 5 spell levels left.
You knew the following spells:

 Your Spells              Type           Power        Failure   Level  Hunger
a - Pain                  Necr           ###.         1%          1    #......


Dungeon Overview and Level Annotations

Branches:
Dungeon (2/15)

Altars:


Innate Abilities, Weirdness & Mutations

You are partially covered in molten scales (AC +1).
You are slightly more attuned to the shadows.


Message History

The gnoll convulses in agony!
The gnoll closely misses you.
Casting: Pain
Confirm with . or Enter, or press ? or * to list all spells.
Aiming: Pain
Press: ? - help, Shift-Dir - straight line, f/p - gnoll
Aim: a gnoll, wielding a spear (almost dead, chance to defeat MR: 86%)
The gnoll convulses in agony!
You kill the gnoll!
The gnoll shouts!
The gnoll hits you with a whip!
You barely miss the gnoll. The gnoll misses you.
The gnoll hits you with a whip.
You hit the gnoll. You burn the gnoll.
The gnoll is moderately wounded.
The gnoll hits you with a whip.
* * * LOW HITPOINT WARNING * * *
You hit the gnoll but do no damage.
The gnoll is moderately wounded.
The gnoll hits you with a whip.
You die...

#.# ##.### .......#
#.# #.# # .......#
#.# #.# .......#
##.## #+# .g.K...#
##...## .......#
#.....# .......#
##...##
##.#.(#####...####
.......gKg@.......+
.#.##..#####...####
# #..# ##.## #..#
#.# ...# #.# #####
#.# #.# #.# #..


You could see 2 gnolls and a kobold.

Vanquished Creatures
  3 gnolls
  An ooze (D:1)
  A bat (D:1)
  A giant cockroach (D:1)
  3 hobgoblins
  2 giant geckos (D:1)
  2 giant newts (D:1)
  3 goblins
  6 kobolds
  A rat (D:1)
23 creatures vanquished.

Notes
Turn   | Place    | Note
--------------------------------------------------------------
     0 | D:1      | Cookie the Demonspawn Necromancer began the quest for the Orb.
     0 | D:1      | Reached XP level 1. HP: 13/13 MP: 3/3
   950 | D:1      | Gained mutation: You are slightly more attuned to the shadows. [demonic ancestry]
   950 | D:1      | Reached XP level 2. HP: 16/19 MP: 0/5
  1025 | D:1      | Reached skill level 5 in Necromancy
  1546 | D:1      | Gained mutation: You are partially covered in molten scales (AC +1). [demonic ancestry]
  1546 | D:1      | Reached XP level 3. HP: 21/24 MP: 2/6
  1853 | D:2      | Slain by a gnoll

Vault maps used:
D:1:      lemuel_arrival_muddy
D:2:      ecumenical_altar_1, grunt_ministairs_7, minmay_strange_pillars,
          dk_vineyard_2, uniq_crazy_yiuf_cottage

Action                   || total
-------------------------++-------
Melee: Unarmed           ||    33
       Short sword       ||     3
       Long sword        ||     3
 Cast: Pain              ||    37
 Stab: Sleeping          ||     3
  Eat: Chunk             ||     3
